Sabres vs Senators

Created - March 9, 2017 at 19:22

Goals
1 2 3 OT1 T
Sabres 2 1 1 0 4
Senators 2 0 2 1 5
Shots
1 2 3 OT1 T
Sabres 8 11 4 2 25
Senators 16 13 13 1 43

1st period

1. Senators , Michael Stone 6 (Patrick Marleau, Mike Hoffman) at 1:06 (PP)
2. Senators , Drew Doughty 9 (Mike Hoffman, Patrick Marleau) at 10:39 (PP)
3. Sabres , Brett Connolly 1 (Lars Eller, Zach Hyman) at 15:47
4. Sabres , Zach Hyman 9 (Lars Eller, Brett Connolly) at 16:51

Penalties :
Dan Girardi (BUF) for Tripping (Minor) at 0:44, Cody Franson (BUF) for Holding (Minor) at 5:06, Jake McCabe (BUF) for Delaying the game (Minor) at 9:52

2nd period

5. Sabres , Nino Niederreiter 25 (Kyle Turris) at 18:58

Penalties :
Dan Girardi (BUF) for Tripping (Minor) at 4:41, Lauri Korpikoski (OTT) for Holding (Minor) at 6:45, Cody Franson (BUF) for High sticking (Double Minor) at 10:16, Derick Brassard (OTT) for Interference (Minor) at 15:13, Patrick Eaves (BUF) for Hooking (Minor) at 15:13, Patrick Eaves (BUF) for High sticking (Minor) at 19:03

3rd period

6. Senators , Mike Hoffman 27 (Marc Methot, Drew Doughty) at 3:39
7. Sabres , Thomas Vanek 19 (Kris Versteeg, Bo Horvat) at 6:28
8. Senators , Tyler Seguin 41 (Drew Doughty) at 18:33 (PP)

Penalties :
Brian Campbell (BUF) for Interference (Minor) at 8:24, Anders Lee (BUF) for Holding (Minor) at 17:53

Overtime #1

9. Senators , Mark Stone 39 (Patrick Marleau, Jared Cowen) at 1:50

Penalties :
No Penalty

Goalie Stats

Ondrej Pavelec (BUF), 38 saves from 43 shots - (0.884), OTL, 16-25-6, 61:51 minutes
Andrew Hammond (OTT), 21 saves from 25 shots - (0.840), W, 13-9-1, 61:51 minutes

Players Stats for Sabres

Player Name              G  A  P  +/- PIM S  H  SB GA TA FO     MP     PP MP  PK MP  
------------------------------------------------------------------------------------
Anders Lee               0  0  0   1  2   0  2  1  0  0  0/2    17:03   1:25   0:00 
Bo Horvat                0  1  1   1  0   2  0  2  0  0  8/19   13:41   0:00   4:14 
Brett Connolly           1  1  2   2  0   2  2  0  0  0  0/0     7:10   0:00   0:00 
Brian Campbell           0  0  0   0  2   0  2  4  0  0  0/0    22:42   1:25   5:57 
Cody Franson             0  0  0   0  6   1  3  3  0  0  0/0    20:18   1:25   4:14 
Dan Girardi              0  0  0   1  4   0  2  3  0  0  0/0    25:53   0:34   5:20 
Jake McCabe              0  0  0   2  2   0  0  0  0  0  0/0    12:20   0:00   1:07 
Jason Zucker             0  0  0  -1  0   2  2  0  0  0  0/3    16:34   0:34   4:14 
Kris Versteeg            0  1  1   1  0   1  1  0  0  0  2/2     8:11   0:00   0:00 
Kyle Turris              0  1  1   1  0   4  1  2  0  0  30/49  29:00   1:25   9:22 
Lars Eller               0  2  2   2  0   0  0  0  0  0  0/0     7:10   0:00   0:00 
Nino Niederreiter        1  0  1   1  0   3  1  0  0  0  0/0    17:39   1:25   0:00 
Patrick Eaves            0  0  0  -1  4   3  0  0  0  0  1/1    11:58   0:34   0:08 
Rasmus Ristolainen       0  0  0   1  0   0  0  0  0  0  0/0    27:21   0:34   6:34 
Ryan Nugent-Hopkins      0  0  0  -1  0   3  0  0  0  0  6/17   24:09   0:34   9:30 
Seth Helgeson            0  0  0   2  0   0  0  0  0  0  0/0    15:02   0:00   4:16 
Thomas Vanek             1  0  1   1  0   2  0  0  0  0  0/2     8:11   0:00   0:00 
Zach Hyman               1  1  2   2  0   2  0  0  0  0  4/10    7:10   0:00   0:00 

Players Stats for Senators

Player Name              G  A  P  +/- PIM S  H  SB GA TA FO     MP     PP MP  PK MP  
------------------------------------------------------------------------------------
Anton Lander             0  0  0  -1  0   1  2  0  0  0  5/12    7:01   0:00   0:46 
Brayden Schenn           0  0  0  -1  0   2  4  1  0  0  3/5    19:45   6:41   0:11 
Derick Brassard          0  0  0  -2  2   5  0  0  0  0  20/37  20:54   7:03   0:00 
Drew Doughty             1  2  3  -1  0   3  0  1  0  0  0/0    24:37   7:14   0:00 
Drew Miller              0  0  0   1  0   4  0  0  0  0  3/4    11:36   0:00   1:32 
Jakub Nakladal           0  0  0   0  0   0  2  2  0  0  0/0    11:46   0:00   0:00 
Jared Cowen              0  1  1  -2  0   2  0  0  0  0  0/0    24:00   6:30   0:42 
Jason Garrison           0  0  0   0  0   0  0  1  0  0  0/0    20:53   7:14   0:42 
Lauri Korpikoski         0  0  0   1  2   1  2  0  0  0  0/0    10:03   0:00   0:00 
Marc Methot              0  1  1  -1  0   2  2  1  0  0  0/0    18:07   0:00   1:17 
Mark Stone               1  0  1  -1  0   7  0  0  0  0  5/9    26:31   6:41   0:00 
Michael Stone            1  0  1  -2  0   6  1  1  0  0  0/0    24:19   6:30   1:17 
Mike Hoffman             1  2  3  -1  0   3  0  0  0  0  0/2    23:38   7:03   0:00 
Milan Michalek           0  0  0  -1  0   0  0  1  0  0  0/1     5:29   0:00   0:00 
Patrick Marleau          0  3  3  -2  0   1  1  0  0  0  1/3    21:58   7:03   0:00 
Paul Gaustad             0  0  0   0  0   0  0  0  0  0  7/9     4:30   0:00   0:16 
Steve Bernier            0  0  0  -1  0   1  0  0  0  0  0/1     6:42   0:00   1:13 
Tyler Seguin             1  0  1  -1  0   5  1  0  0  0  10/22  21:35   6:41   0:00 

3 Stars

1 - Brett Connolly (BUF)
2 - Zach Hyman (BUF)
3 - Drew Doughty (OTT)

Power Play

Sabres - 0 on 1 Attempt(s) - 0.00%
Senators - 3 on 9 Attempt(s) - 33.33%

Penalty Kill

Sabres - 6 on 9 Attempt(s) - 66.67% - Score 0 goal in Penalty Kill
Senators - 1 on 1 Attempt(s) - 100.00% - Score 0 goal in Penalty Kill

Team Stat

Sabres - Hits : 16 - Faceoff Wins : 51 - Blocked Shots : 15 - Penalty Minutes : 20
Senators - Hits : 15 - Faceoff Wins : 54 - Blocked Shots : 8 - Penalty Minutes : 4

Official

Referees : Jean Hebert and Dennis LaRue
Linesman : Shandor Alphonso and Jonny Murray

Game Notes

Paul Gaustad is injured at 7:21 of 2nd period (Bruised Left Leg)

Finance

Level 1 -- Attendance: 6099 (93.83%) -- Ticket Income $609,900
Level 2 -- Attendance: 5000 (100.00%) -- Ticket Income $300,000
Level 3 -- Attendance: 3500 (100.00%) -- Ticket Income $122,500
Level 4 -- Attendance: 2993 (94.93%) -- Ticket Income $89,790
Luxury Box -- Attendance: 682 (68.20%) -- Ticket Income $170,500
Game was played at the Canadian Tire Centre.
Total Attendance: 18274 (95.41%)
Total Ticket Income: $1,292,690
Other Income: $193,904
Total Income: $1,486,594

% Time on Ice - Sabres

Lines # - Real PCT - Wanted PCT - Time Play
Normal Forward
1 - 37% - 40% - 15:39
2 - 27% - 30% - 11:18
3 - 19% - 20% - 8:11
4 - 17% - 10% - 7:10
Normal Defense
1 - 39% - 40% - 16:37
2 - 33% - 30% - 13:48
3 - 25% - 20% - 10:46
4 - 3% - 10% - 1:07
PP Forward
1 - 71% - 60% - 1:25
2 - 29% - 40% - 0:34
PP Defense
1 - 29% - 60% - 0:34
2 - 71% - 40% - 1:25
PK Forward
1 - 69% - 60% - 9:30
2 - 31% - 40% - 4:14
PK Defense
1 - 48% - 60% - 6:34
2 - 52% - 40% - 7:10
PK3 Forward
1 - 0% - 60%
2 - 0% - 40%
PK3 Defense
1 - 0% - 60%
2 - 0% - 40%
44 Forward
1 - 83% - 60% - 1:39
2 - 17% - 40% - 0:20
44 Defense
1 - 68% - 60% - 1:21
2 - 32% - 40% - 0:38
Last Minute Offensive  - 0:00
Last Minute Defensive  - 0:00
Total
Forward - 60:00
Defense - 60:00

% Time on Ice - Senators

Lines # - Real PCT - Wanted PCT - Time Play
Normal Forward
1 - 30% - 36% - 12:53
2 - 33% - 34% - 13:52
3 - 24% - 20% - 10:04
4 - 13% - 10% - 5:29
Normal Defense
1 - 37% - 36% - 15:47
2 - 35% - 34% - 14:45
3 - 22% - 20% - 9:16
4 - 6% - 10% - 2:30
PP Forward
1 - 49% - 50% - 6:41
2 - 51% - 50% - 7:03
PP Defense
1 - 53% - 50% - 7:14
2 - 47% - 50% - 6:30
PK Forward
1 - 39% - 50% - 0:46
2 - 61% - 50% - 1:13
PK Defense
1 - 65% - 50% - 1:17
2 - 35% - 50% - 0:42
PK3 Forward
1 - 0% - 50%
2 - 0% - 50%
PK3 Defense
1 - 0% - 50%
2 - 0% - 50%
44 Forward
1 - 61% - 52% - 1:13
2 - 39% - 48% - 0:46
44 Defense
1 - 40% - 52% - 0:48
2 - 60% - 48% - 1:11
Last Minute Offensive  - 0:00
Last Minute Defensive  - 0:00
Total
Forward - 60:00
Defense - 60:00

Play by Play

1st period


0:01 of 1st period - Tyler Seguin wins face-off versus Kyle Turris in neutral zone.
0:10 of 1st period - Drew Doughty is hit by Nino Niederreiter and loses puck.
0:17 of 1st period - Shot by Nino Niederreiter.
0:17 of 1st period - Shot Misses the Net.
0:44 of 1st period - Minor Penalty to Dan Girardi for Tripping.
0:45 of 1st period - Kyle Turris wins face-off versus Derick Brassard in Sabres zone.
0:56 of 1st period - Icing by Jared Cowen.
0:57 of 1st period - Derick Brassard wins face-off versus Bo Horvat in Senators zone.
1:04 of 1st period - Shot by Michael Stone.
1:04 of 1st period - Shot Misses the Net.
1:06 of 1st period - Shot by Michael Stone.
1:06 of 1st period - Goal by Michael Stone - Sabres : 0 - Senators : 1.
1:07 of 1st period - Paul Gaustad wins face-off versus Ryan Nugent-Hopkins in neutral zone.
1:20 of 1st period - Drew Miller is hit by Jason Zucker and loses puck.
1:39 of 1st period - Ryan Nugent-Hopkins is hit by Jakub Nakladal and loses puck.
2:24 of 1st period - Shot by Derick Brassard.
2:24 of 1st period - Shot Misses the Net.
2:26 of 1st period - Shot by Michael Stone.
2:26 of 1st period - Stopped by Ondrej Pavelec without a rebound.
2:27 of 1st period - Zach Hyman wins face-off versus Anton Lander in Sabres zone.
2:42 of 1st period - Shot by Brett Connolly.
2:42 of 1st period - Shot Misses the Net.
2:44 of 1st period - Shot by Zach Hyman.
2:44 of 1st period - Stopped by Andrew Hammond without a rebound.
2:45 of 1st period - Kyle Turris wins face-off versus Tyler Seguin in Senators zone.
3:00 of 1st period - Shot by Tyler Seguin.
3:00 of 1st period - Shot Misses the Net.
3:02 of 1st period - Shot by Mark Stone.
3:02 of 1st period - Stopped by Ondrej Pavelec with a rebound.
3:14 of 1st period - Shot by Brayden Schenn.
3:14 of 1st period - Stopped by Ondrej Pavelec without a rebound.
3:15 of 1st period - Kris Versteeg wins face-off versus Derick Brassard in Sabres zone.
3:19 of 1st period - Icing by Rasmus Ristolainen.
3:20 of 1st period - Bo Horvat wins face-off versus Derick Brassard in Sabres zone.
3:37 of 1st period - Shot by Bo Horvat.
3:37 of 1st period - Shot Misses the Net.
4:04 of 1st period - Shot by Kris Versteeg.
4:04 of 1st period - Shot Misses the Net.
4:46 of 1st period - Shot by Brayden Schenn.
4:46 of 1st period - Shot Blocked by Cody Franson.
5:04 of 1st period - Brayden Schenn is hit by Cody Franson and loses puck.
5:06 of 1st period - Minor Penalty to Cody Franson for Holding.
5:07 of 1st period - Kyle Turris wins face-off versus Derick Brassard in Sabres zone.
5:15 of 1st period - Icing by Patrick Marleau.
5:16 of 1st period - Kyle Turris wins face-off versus Patrick Marleau in Senators zone.
5:25 of 1st period - Shot by Kyle Turris.
5:25 of 1st period - Shot Misses the Net.
5:43 of 1st period - Shot by Michael Stone.
5:43 of 1st period - Shot Misses the Net.
5:45 of 1st period - Shot by Patrick Marleau.
5:45 of 1st period - Shot Misses the Net.
6:29 of 1st period - Shot by Brayden Schenn.
6:29 of 1st period - Shot Blocked by Dan Girardi.
6:31 of 1st period - Shot by Jason Garrison.
6:31 of 1st period - Shot Misses the Net.
6:46 of 1st period - Icing by Michael Stone.
6:47 of 1st period - Kyle Turris wins face-off versus Derick Brassard in Senators zone.
6:59 of 1st period - Shot by Michael Stone.
6:59 of 1st period - Stopped by Ondrej Pavelec with a rebound.
7:19 of 1st period - Shot by Lauri Korpikoski.
7:19 of 1st period - Shot Misses the Net.
7:29 of 1st period - Shot by Drew Miller.
7:29 of 1st period - Stopped by Ondrej Pavelec without a rebound.
7:30 of 1st period - Ryan Nugent-Hopkins wins face-off versus Steve Bernier in Sabres zone.
7:45 of 1st period - Shot by Ryan Nugent-Hopkins.
7:45 of 1st period - Shot Blocked by Jakub Nakladal.
8:06 of 1st period - Shot by Patrick Eaves.
8:06 of 1st period - Stopped by Andrew Hammond with a rebound.
8:47 of 1st period - Shot by Tyler Seguin.
8:47 of 1st period - Shot Misses the Net.
8:50 of 1st period - Icing by Dan Girardi.
8:51 of 1st period - Derick Brassard wins face-off versus Kyle Turris in Sabres zone.
9:24 of 1st period - Shot by Derick Brassard.
9:24 of 1st period - Stopped by Ondrej Pavelec without a rebound.
9:25 of 1st period - Mark Stone wins face-off versus Zach Hyman in Sabres zone.
9:41 of 1st period - Shot by Brayden Schenn.
9:41 of 1st period - Shot Misses the Net.
9:51 of 1st period - Shot by Tyler Seguin.
9:51 of 1st period - Deflect By Brayden Schenn.
9:51 of 1st period - Shot Misses the Net.
9:52 of 1st period - Minor Penalty to Jake McCabe for Delaying the game.
9:53 of 1st period - Kyle Turris wins face-off versus Mike Hoffman in Sabres zone.
9:59 of 1st period - Icing by Drew Doughty.
10:00 of 1st period - Kyle Turris wins face-off versus Derick Brassard in Senators zone.
10:15 of 1st period - Shot by Derick Brassard.
10:15 of 1st period - Shot Misses the Net.
10:17 of 1st period - Shot by Jason Garrison.
10:17 of 1st period - Shot Hit the Post.
10:23 of 1st period - Shot by Patrick Marleau.
10:23 of 1st period - Shot Misses the Net.
10:25 of 1st period - Shot by Jason Garrison.
10:25 of 1st period - Shot Misses the Net.
10:27 of 1st period - Shot by Drew Doughty.
10:27 of 1st period - Shot Misses the Net.
10:37 of 1st period - Shot by Drew Doughty.
10:37 of 1st period - Shot Misses the Net.
10:39 of 1st period - Shot by Drew Doughty.
10:39 of 1st period - Goal by Drew Doughty - Sabres : 0 - Senators : 2.
10:40 of 1st period - Paul Gaustad wins face-off versus Bo Horvat in neutral zone.
10:45 of 1st period - Shot by Lauri Korpikoski.
10:45 of 1st period - Stopped by Ondrej Pavelec without a rebound.
10:46 of 1st period - Paul Gaustad wins face-off versus Bo Horvat in Sabres zone.
10:46 of 1st period - Paul Gaustad is hit by Cody Franson.
10:54 of 1st period - Shot by Drew Miller.
10:54 of 1st period - Shot Blocked by Brian Campbell.
10:56 of 1st period - Shot by Lauri Korpikoski.
10:56 of 1st period - Shot Blocked by Bo Horvat.
11:10 of 1st period - Shot by Drew Miller.
11:10 of 1st period - Stopped by Ondrej Pavelec without a rebound.
11:11 of 1st period - Derick Brassard wins face-off versus Kyle Turris in Sabres zone.
11:26 of 1st period - Shot by Derick Brassard.
11:26 of 1st period - Shot Blocked by Kyle Turris.
11:28 of 1st period - Shot by Drew Doughty.
11:28 of 1st period - Shot Misses the Net.
11:30 of 1st period - Shot by Derick Brassard.
11:30 of 1st period - Shot Misses the Net.
11:32 of 1st period - Shot by Marc Methot.
11:32 of 1st period - Shot Misses the Net.
11:34 of 1st period - Shot by Derick Brassard.
11:34 of 1st period - Stopped by Ondrej Pavelec without a rebound.
11:35 of 1st period - Ryan Nugent-Hopkins wins face-off versus Tyler Seguin in Sabres zone.
11:52 of 1st period - Shot by Mark Stone.
11:52 of 1st period - Shot Misses the Net.
11:54 of 1st period - Shot by Tyler Seguin.
11:54 of 1st period - Shot Blocked by Dan Girardi.
11:56 of 1st period - Shot by Mark Stone.
11:56 of 1st period - Shot Misses the Net.
12:45 of 1st period - Shot by Mike Hoffman.
12:45 of 1st period - Shot Blocked by Kyle Turris.
12:47 of 1st period - Shot by Mike Hoffman.
12:47 of 1st period - Stopped by Ondrej Pavelec with a rebound.
12:57 of 1st period - Shot by Patrick Marleau.
12:57 of 1st period - Shot Misses the Net.
12:59 of 1st period - Shot by Marc Methot.
12:59 of 1st period - Shot Blocked by Brian Campbell.
13:01 of 1st period - Shot by Marc Methot.
13:01 of 1st period - Stopped by Ondrej Pavelec with a rebound.
13:03 of 1st period - Shot by Marc Methot.
13:03 of 1st period - Stopped by Ondrej Pavelec without a rebound.
13:04 of 1st period - Kris Versteeg wins face-off versus Paul Gaustad in Sabres zone.
14:07 of 1st period - Shot by Mark Stone.
14:07 of 1st period - Stopped by Ondrej Pavelec without a rebound.
14:08 of 1st period - Derick Brassard wins face-off versus Ryan Nugent-Hopkins in Sabres zone.
14:12 of 1st period - Icing by Rasmus Ristolainen.
14:13 of 1st period - Derick Brassard wins face-off versus Ryan Nugent-Hopkins in Sabres zone.
15:24 of 1st period - Shot by Tyler Seguin.
15:24 of 1st period - Stopped by Ondrej Pavelec without a rebound.
15:25 of 1st period - Kyle Turris wins face-off versus Paul Gaustad in Sabres zone.
15:35 of 1st period - Shot by Brian Campbell.
15:35 of 1st period - Shot Misses the Net.
15:43 of 1st period - Shot by Nino Niederreiter.
15:43 of 1st period - Stopped by Andrew Hammond without a rebound.
15:44 of 1st period - Zach Hyman wins face-off versus Tyler Seguin in Senators zone.
15:47 of 1st period - Shot by Brett Connolly.
15:47 of 1st period - Goal by Brett Connolly - Sabres : 1 - Senators : 2.
15:48 of 1st period - Tyler Seguin wins face-off versus Kyle Turris in neutral zone.
15:50 of 1st period - Drew Doughty is hit by Brian Campbell and loses puck.
15:59 of 1st period - Shot by Nino Niederreiter.
15:59 of 1st period - Shot Misses the Net.
16:11 of 1st period - Shot by Nino Niederreiter.
16:11 of 1st period - Stopped by Andrew Hammond without a rebound.
16:12 of 1st period - Derick Brassard wins face-off versus Zach Hyman in Senators zone.
16:12 of 1st period - Derick Brassard is hit by Brett Connolly.
16:51 of 1st period - Shot by Zach Hyman.
16:51 of 1st period - Goal by Zach Hyman - Sabres : 2 - Senators : 2.
16:52 of 1st period - Kyle Turris wins face-off versus Tyler Seguin in neutral zone.
16:52 of 1st period - Cody Franson is hit by Brayden Schenn and loses puck.
18:19 of 1st period - Jason Garrison is hit by Dan Girardi and loses puck.
18:33 of 1st period - Shot by Ryan Nugent-Hopkins.
18:33 of 1st period - Shot Blocked by Jakub Nakladal.
18:35 of 1st period - Shot by Ryan Nugent-Hopkins.
18:35 of 1st period - Stopped by Andrew Hammond with a rebound.
18:54 of 1st period - Kris Versteeg is hit by Jakub Nakladal and loses puck.
19:03 of 1st period - Shot by Bo Horvat.
19:03 of 1st period - Stopped by Andrew Hammond without a rebound.
19:04 of 1st period - Derick Brassard wins face-off versus Zach Hyman in Senators zone.
19:08 of 1st period - Icing by Mike Hoffman.
19:09 of 1st period - Bo Horvat wins face-off versus Derick Brassard in Senators zone.
Goals for this period are 2 for Sabres vs 2 for Senators.
Shots for this period are 8 for Sabres vs 16 for Senators.

2nd period


0:01 of 2nd period - Brayden Schenn wins face-off versus Kyle Turris in neutral zone.
0:14 of 2nd period - Shot by Nino Niederreiter.
0:14 of 2nd period - Shot Blocked by Brayden Schenn.
0:30 of 2nd period - Kyle Turris is hit by Brayden Schenn and loses puck.
1:04 of 2nd period - Icing by Jared Cowen.
1:05 of 2nd period - Derick Brassard wins face-off versus Jason Zucker in Senators zone.
1:14 of 2nd period - Shot by Derick Brassard.
1:14 of 2nd period - Stopped by Ondrej Pavelec without a rebound.
1:15 of 2nd period - Paul Gaustad wins face-off versus Thomas Vanek in Sabres zone.
1:22 of 2nd period - Shot by Thomas Vanek.
1:22 of 2nd period - Stopped by Andrew Hammond without a rebound.
1:23 of 2nd period - Paul Gaustad wins face-off versus Ryan Nugent-Hopkins in Senators zone.
2:21 of 2nd period - Icing by Rasmus Ristolainen.
2:22 of 2nd period - Zach Hyman wins face-off versus Derick Brassard in Sabres zone.
2:47 of 2nd period - Shot by Brett Connolly.
2:47 of 2nd period - Stopped by Andrew Hammond without a rebound.
2:48 of 2nd period - Tyler Seguin wins face-off versus Anders Lee in Senators zone.
3:16 of 2nd period - Tyler Seguin is hit by Anders Lee.
3:37 of 2nd period - Icing by Michael Stone.
3:38 of 2nd period - Ryan Nugent-Hopkins wins face-off versus Brayden Schenn in Senators zone.
3:43 of 2nd period - Shot by Jason Zucker.
3:43 of 2nd period - Shot Misses the Net.
4:02 of 2nd period - Shot by Patrick Eaves.
4:02 of 2nd period - Stopped by Andrew Hammond without a rebound.
4:03 of 2nd period - Bo Horvat wins face-off versus Derick Brassard in Senators zone.
4:24 of 2nd period - Shot by Derick Brassard.
4:24 of 2nd period - Shot Misses the Net.
4:32 of 2nd period - Shot by Bo Horvat.
4:32 of 2nd period - Stopped by Andrew Hammond without a rebound.
4:33 of 2nd period - Paul Gaustad wins face-off versus Kyle Turris in Senators zone.
4:41 of 2nd period - Minor Penalty to Dan Girardi for Tripping.
4:42 of 2nd period - Kyle Turris wins face-off versus Derick Brassard in Sabres zone.
5:03 of 2nd period - Drew Doughty is hit by Kyle Turris and loses puck.
5:54 of 2nd period - Shot by Mark Stone.
5:54 of 2nd period - Deflect By Tyler Seguin.
5:54 of 2nd period - Shot Blocked by Brian Campbell.
5:56 of 2nd period - Shot by Michael Stone.
5:56 of 2nd period - Shot Misses the Net.
6:11 of 2nd period - Off-side.
6:12 of 2nd period - Derick Brassard wins face-off versus Kyle Turris in neutral zone.
6:36 of 2nd period - Shot by Mike Hoffman.
6:36 of 2nd period - Shot Blocked by Bo Horvat.
6:38 of 2nd period - Shot by Drew Doughty.
6:38 of 2nd period - Stopped by Ondrej Pavelec without a rebound.
6:39 of 2nd period - Tyler Seguin wins face-off versus Kyle Turris in Sabres zone.
6:45 of 2nd period - Minor Penalty to Lauri Korpikoski for Holding.
6:46 of 2nd period - Anton Lander wins face-off versus Kyle Turris in Senators zone.
7:19 of 2nd period - Shot by Kyle Turris.
7:19 of 2nd period - Stopped by Andrew Hammond without a rebound.
7:20 of 2nd period - Paul Gaustad wins face-off versus Jason Zucker in Senators zone.
7:20 of 2nd period - Paul Gaustad is hit by Jason Zucker.
7:21 of 2nd period - Paul Gaustad from Senators is injured at 7:21 of 2nd period (Bruised Left Leg).
7:22 of 2nd period - Drew Miller wins face-off versus Ryan Nugent-Hopkins in Senators zone.
7:42 of 2nd period - Shot by Patrick Eaves.
7:42 of 2nd period - Stopped by Andrew Hammond without a rebound.
7:43 of 2nd period - Drew Miller wins face-off versus Kyle Turris in Senators zone.
7:49 of 2nd period - Icing by Anders Lee.
7:50 of 2nd period - Drew Miller wins face-off versus Kyle Turris in Sabres zone.
8:06 of 2nd period - Nino Niederreiter is hit by Marc Methot and loses puck.
8:26 of 2nd period - Anders Lee is hit by Michael Stone and loses puck.
8:31 of 2nd period - Shot by Kyle Turris.
8:31 of 2nd period - Shot Hit the Post.
8:33 of 2nd period - Shot by Cody Franson.
8:33 of 2nd period - Stopped by Andrew Hammond without a rebound.
8:34 of 2nd period - Patrick Eaves wins face-off versus Anton Lander in Senators zone.
8:53 of 2nd period - Shot by Derick Brassard.
8:53 of 2nd period - Stopped by Ondrej Pavelec without a rebound.
8:54 of 2nd period - Ryan Nugent-Hopkins wins face-off versus Derick Brassard in Sabres zone.
9:03 of 2nd period - Shot by Jason Zucker.
9:03 of 2nd period - Deflect By Patrick Eaves.
9:03 of 2nd period - Shot Misses the Net.
9:17 of 2nd period - Shot by Mike Hoffman.
9:17 of 2nd period - Deflect By Derick Brassard.
9:17 of 2nd period - Shot Misses the Net.
9:19 of 2nd period - Shot by Jason Garrison.
9:19 of 2nd period - Shot Misses the Net.
9:38 of 2nd period - Shot by Jason Zucker.
9:38 of 2nd period - Stopped by Andrew Hammond without a rebound.
9:39 of 2nd period - Kyle Turris wins face-off versus Tyler Seguin in Senators zone.
10:16 of 2nd period - Double Minor Penalty to Cody Franson for High sticking.
10:17 of 2nd period - Kyle Turris wins face-off versus Mike Hoffman in Sabres zone.
10:23 of 2nd period - Icing by Jared Cowen.
10:24 of 2nd period - Kyle Turris wins face-off versus Derick Brassard in Senators zone.
10:27 of 2nd period - Shot by Ryan Nugent-Hopkins.
10:27 of 2nd period - Shot Misses the Net.
10:29 of 2nd period - Shot by Rasmus Ristolainen.
10:29 of 2nd period - Shot Misses the Net.
10:31 of 2nd period - Shot by Dan Girardi.
10:31 of 2nd period - Shot Blocked by Michael Stone.
10:33 of 2nd period - Shot by Ryan Nugent-Hopkins.
10:33 of 2nd period - Shot Misses the Net.
10:35 of 2nd period - Shot by Ryan Nugent-Hopkins.
10:35 of 2nd period - Shot Misses the Net.
10:37 of 2nd period - Shot by Rasmus Ristolainen.
10:37 of 2nd period - Shot Misses the Net.
10:41 of 2nd period - Shot by Kyle Turris.
10:41 of 2nd period - Stopped by Andrew Hammond without a rebound.
10:42 of 2nd period - Kyle Turris wins face-off versus Tyler Seguin in Senators zone.
11:07 of 2nd period - Off-side.
11:08 of 2nd period - Derick Brassard wins face-off versus Kyle Turris in neutral zone.
11:34 of 2nd period - Shot by Michael Stone.
11:34 of 2nd period - Stopped by Ondrej Pavelec with a rebound.
11:36 of 2nd period - Shot by Jared Cowen.
11:36 of 2nd period - Stopped by Ondrej Pavelec without a rebound.
11:37 of 2nd period - Brayden Schenn wins face-off versus Bo Horvat in Sabres zone.
12:03 of 2nd period - Shot by Mark Stone.
12:03 of 2nd period - Shot Misses the Net.
12:05 of 2nd period - Shot by Drew Doughty.
12:05 of 2nd period - Stopped by Ondrej Pavelec without a rebound.
12:06 of 2nd period - Kyle Turris wins face-off versus Derick Brassard in Sabres zone.
12:25 of 2nd period - Shot by Patrick Marleau.
12:25 of 2nd period - Stopped by Ondrej Pavelec with a rebound.
12:27 of 2nd period - Shot by Derick Brassard.
12:27 of 2nd period - Stopped by Ondrej Pavelec without a rebound.
12:28 of 2nd period - Bo Horvat wins face-off versus Mark Stone in Sabres zone.
12:45 of 2nd period - Shot by Tyler Seguin.
12:45 of 2nd period - Deflect By Mark Stone.
12:45 of 2nd period - Shot Misses the Net.
12:47 of 2nd period - Shot by Tyler Seguin.
12:47 of 2nd period - Shot Misses the Net.
13:03 of 2nd period - Shot by Tyler Seguin.
13:03 of 2nd period - Stopped by Ondrej Pavelec without a rebound.
13:04 of 2nd period - Derick Brassard wins face-off versus Bo Horvat in Sabres zone.
13:04 of 2nd period - Derick Brassard is hit by Dan Girardi.
13:10 of 2nd period - Shot by Mike Hoffman.
13:10 of 2nd period - Shot Misses the Net.
13:12 of 2nd period - Shot by Derick Brassard.
13:12 of 2nd period - Shot Misses the Net.
13:14 of 2nd period - Shot by Mike Hoffman.
13:14 of 2nd period - Stopped by Ondrej Pavelec without a rebound.
13:15 of 2nd period - Derick Brassard wins face-off versus Bo Horvat in Sabres zone.
13:39 of 2nd period - Icing by Michael Stone.
13:40 of 2nd period - Derick Brassard wins face-off versus Kyle Turris in Senators zone.
13:45 of 2nd period - Shot by Michael Stone.
13:45 of 2nd period - Stopped by Ondrej Pavelec without a rebound.
13:46 of 2nd period - Kyle Turris wins face-off versus Tyler Seguin in Sabres zone.
14:07 of 2nd period - Rasmus Ristolainen is hit by Brayden Schenn.
14:17 of 2nd period - Icing by Drew Doughty.
14:18 of 2nd period - Bo Horvat wins face-off versus Derick Brassard in Senators zone.
15:13 of 2nd period - Minor Penalty to Derick Brassard for Interference.
15:13 of 2nd period - Minor Penalty to Patrick Eaves for Hooking.
15:14 of 2nd period - Kyle Turris wins face-off versus Tyler Seguin in neutral zone.
15:26 of 2nd period - Icing by Michael Stone.
15:27 of 2nd period - Kyle Turris wins face-off versus Tyler Seguin in Senators zone.
16:34 of 2nd period - Shot by Anton Lander.
16:34 of 2nd period - Stopped by Ondrej Pavelec without a rebound.
16:35 of 2nd period - Mark Stone wins face-off versus Bo Horvat in Sabres zone.
16:52 of 2nd period - Shot by Mark Stone.
16:52 of 2nd period - Shot Misses the Net.
16:54 of 2nd period - Shot by Mark Stone.
16:54 of 2nd period - Stopped by Ondrej Pavelec without a rebound.
16:55 of 2nd period - Kyle Turris wins face-off versus Anton Lander in Sabres zone.
16:55 of 2nd period - Kyle Turris is hit by Anton Lander.
17:12 of 2nd period - Ryan Nugent-Hopkins is hit by Anton Lander and loses puck.
17:45 of 2nd period - Shot by Zach Hyman.
17:45 of 2nd period - Shot Misses the Net.
18:29 of 2nd period - Shot by Kris Versteeg.
18:29 of 2nd period - Stopped by Andrew Hammond without a rebound.
18:30 of 2nd period - Derick Brassard wins face-off versus Kyle Turris in Senators zone.
18:49 of 2nd period - Patrick Marleau is hit by Anders Lee and loses puck.
18:58 of 2nd period - Shot by Nino Niederreiter.
18:58 of 2nd period - Goal by Nino Niederreiter - Sabres : 3 - Senators : 2.
18:59 of 2nd period - Ryan Nugent-Hopkins wins face-off versus Milan Michalek in neutral zone.
19:03 of 2nd period - Minor Penalty to Patrick Eaves for High sticking.
19:04 of 2nd period - Tyler Seguin wins face-off versus Kyle Turris in Sabres zone.
19:58 of 2nd period - Off-side.
19:59 of 2nd period - Derick Brassard wins face-off versus Bo Horvat in neutral zone.
Goals for this period are 1 for Sabres vs 0 for Senators.
Shots for this period are 11 for Sabres vs 13 for Senators.

3rd period


0:01 of 3rd period - Kyle Turris wins face-off versus Tyler Seguin in neutral zone.
0:34 of 3rd period - Shot by Michael Stone.
0:34 of 3rd period - Shot Misses the Net.
1:12 of 3rd period - Lauri Korpikoski is hit by Brett Connolly and loses puck.
1:54 of 3rd period - Icing by Jake McCabe.
1:55 of 3rd period - Zach Hyman wins face-off versus Anton Lander in Sabres zone.
2:13 of 3rd period - Icing by Rasmus Ristolainen.
2:14 of 3rd period - Kyle Turris wins face-off versus Tyler Seguin in Sabres zone.
2:23 of 3rd period - Shot by Brayden Schenn.
2:23 of 3rd period - Shot Blocked by Anders Lee.
3:39 of 3rd period - Shot by Mike Hoffman.
3:39 of 3rd period - Goal by Mike Hoffman - Sabres : 3 - Senators : 3.
3:40 of 3rd period - Anton Lander wins face-off versus Bo Horvat in neutral zone.
3:50 of 3rd period - Milan Michalek is hit by Kris Versteeg and loses puck.
4:00 of 3rd period - Off-side.
4:01 of 3rd period - Tyler Seguin wins face-off versus Ryan Nugent-Hopkins in neutral zone.
4:33 of 3rd period - Shot by Ryan Nugent-Hopkins.
4:33 of 3rd period - Shot Blocked by Drew Doughty.
4:35 of 3rd period - Shot by Ryan Nugent-Hopkins.
4:35 of 3rd period - Stopped by Andrew Hammond without a rebound.
4:36 of 3rd period - Derick Brassard wins face-off versus Kyle Turris in Senators zone.
5:18 of 3rd period - Shot by Patrick Marleau.
5:18 of 3rd period - Shot Misses the Net.
5:44 of 3rd period - Brian Campbell is hit by Lauri Korpikoski and loses puck.
5:50 of 3rd period - Icing by Cody Franson.
5:51 of 3rd period - Anton Lander wins face-off versus Ryan Nugent-Hopkins in Sabres zone.
5:51 of 3rd period - Anton Lander is hit by Brian Campbell.
5:54 of 3rd period - Steve Bernier is hit by Cody Franson and loses puck.
6:18 of 3rd period - Icing by Drew Doughty.
6:19 of 3rd period - Bo Horvat wins face-off versus Anton Lander in Senators zone.
6:28 of 3rd period - Shot by Thomas Vanek.
6:28 of 3rd period - Goal by Thomas Vanek - Sabres : 4 - Senators : 3.
6:29 of 3rd period - Tyler Seguin wins face-off versus Zach Hyman in neutral zone.
6:48 of 3rd period - Shot by Zach Hyman.
6:48 of 3rd period - Shot Misses the Net.
7:27 of 3rd period - Icing by Marc Methot.
7:28 of 3rd period - Kyle Turris wins face-off versus Derick Brassard in Senators zone.
7:29 of 3rd period - Shot by Nino Niederreiter.
7:29 of 3rd period - Deflect By Kyle Turris.
7:29 of 3rd period - Stopped by Andrew Hammond without a rebound.
7:30 of 3rd period - Kyle Turris wins face-off versus Derick Brassard in Senators zone.
7:30 of 3rd period - Rasmus Ristolainen is hit by Marc Methot and loses puck.
7:34 of 3rd period - Icing by Marc Methot.
7:35 of 3rd period - Derick Brassard wins face-off versus Anders Lee in Senators zone.
8:11 of 3rd period - Icing by Rasmus Ristolainen.
8:12 of 3rd period - Tyler Seguin wins face-off versus Kyle Turris in Sabres zone.
8:19 of 3rd period - Shot by Tyler Seguin.
8:19 of 3rd period - Shot Misses the Net.
8:21 of 3rd period - Shot by Mark Stone.
8:21 of 3rd period - Shot Misses the Net.
8:23 of 3rd period - Shot by Mark Stone.
8:23 of 3rd period - Stopped by Ondrej Pavelec without a rebound.
8:24 of 3rd period - Mark Stone wins face-off versus Ryan Nugent-Hopkins in Sabres zone.
8:24 of 3rd period - Minor Penalty to Brian Campbell for Interference.
8:25 of 3rd period - Tyler Seguin wins face-off versus Kyle Turris in Sabres zone.
8:34 of 3rd period - Shot by Tyler Seguin.
8:34 of 3rd period - Stopped by Ondrej Pavelec with a rebound.
8:55 of 3rd period - Shot by Brayden Schenn.
8:55 of 3rd period - Shot Blocked by Cody Franson.
8:57 of 3rd period - Shot by Jared Cowen.
8:57 of 3rd period - Shot Misses the Net.
8:59 of 3rd period - Shot by Jared Cowen.
8:59 of 3rd period - Stopped by Ondrej Pavelec without a rebound.
9:00 of 3rd period - Derick Brassard wins face-off versus Bo Horvat in Sabres zone.
10:20 of 3rd period - Shot by Michael Stone.
10:20 of 3rd period - Stopped by Ondrej Pavelec without a rebound.
10:21 of 3rd period - Ryan Nugent-Hopkins wins face-off versus Mark Stone in Sabres zone.
10:27 of 3rd period - Icing by Mark Stone.
10:28 of 3rd period - Mark Stone wins face-off versus Bo Horvat in Senators zone.
10:49 of 3rd period - Shot by Mark Stone.
10:49 of 3rd period - Shot Misses the Net.
11:07 of 3rd period - Shot by Drew Miller.
11:07 of 3rd period - Deflect By Mark Stone.
11:07 of 3rd period - Stopped by Ondrej Pavelec without a rebound.
11:08 of 3rd period - Kyle Turris wins face-off versus Anton Lander in Sabres zone.
11:30 of 3rd period - Shot by Kyle Turris.
11:30 of 3rd period - Shot Blocked by Milan Michalek.
11:45 of 3rd period - Icing by Drew Doughty.
11:46 of 3rd period - Anton Lander wins face-off versus Ryan Nugent-Hopkins in Senators zone.
11:55 of 3rd period - Shot by Milan Michalek.
11:55 of 3rd period - Shot Blocked by Cody Franson.
12:41 of 3rd period - Shot by Brayden Schenn.
12:41 of 3rd period - Stopped by Ondrej Pavelec without a rebound.
12:42 of 3rd period - Kyle Turris wins face-off versus Derick Brassard in Sabres zone.
12:42 of 3rd period - Kyle Turris is hit by Patrick Marleau.
13:21 of 3rd period - Shot by Derick Brassard.
13:21 of 3rd period - Deflect By Patrick Marleau.
13:21 of 3rd period - Shot Misses the Net.
14:03 of 3rd period - Shot by Mark Stone.
14:03 of 3rd period - Shot Blocked by Dan Girardi.
14:05 of 3rd period - Shot by Drew Miller.
14:05 of 3rd period - Stopped by Ondrej Pavelec with a rebound.
14:07 of 3rd period - Shot by Drew Miller.
14:07 of 3rd period - Shot Misses the Net.
14:09 of 3rd period - Shot by Mark Stone.
14:09 of 3rd period - Shot Misses the Net.
14:11 of 3rd period - Shot by Mark Stone.
14:11 of 3rd period - Stopped by Ondrej Pavelec without a rebound.
14:12 of 3rd period - Anton Lander wins face-off versus Ryan Nugent-Hopkins in Sabres zone.
14:21 of 3rd period - Shot by Steve Bernier.
14:21 of 3rd period - Stopped by Ondrej Pavelec without a rebound.
14:22 of 3rd period - Bo Horvat wins face-off versus Anton Lander in Sabres zone.
14:24 of 3rd period - Icing by Kris Versteeg.
14:25 of 3rd period - Tyler Seguin wins face-off versus Thomas Vanek in Sabres zone.
14:50 of 3rd period - Shot by Tyler Seguin.
14:50 of 3rd period - Stopped by Ondrej Pavelec with a rebound.
15:33 of 3rd period - Off-side.
15:34 of 3rd period - Derick Brassard wins face-off versus Zach Hyman in neutral zone.
15:57 of 3rd period - Shot by Zach Hyman.
15:57 of 3rd period - Shot Misses the Net.
16:11 of 3rd period - Off-side.
16:12 of 3rd period - Kyle Turris wins face-off versus Mark Stone in neutral zone.
16:18 of 3rd period - Icing by Mark Stone.
16:19 of 3rd period - Kyle Turris wins face-off versus Mark Stone in Senators zone.
16:22 of 3rd period - Shot by Nino Niederreiter.
16:22 of 3rd period - Deflect By Kyle Turris.
16:22 of 3rd period - Stopped by Andrew Hammond without a rebound.
16:23 of 3rd period - Kyle Turris wins face-off versus Drew Miller in Senators zone.
16:33 of 3rd period - Nino Niederreiter is hit by Lauri Korpikoski and loses puck.
16:38 of 3rd period - Shot by Jason Garrison.
16:38 of 3rd period - Shot Blocked by Brian Campbell.
16:44 of 3rd period - Shot by Drew Miller.
16:44 of 3rd period - Stopped by Ondrej Pavelec without a rebound.
16:45 of 3rd period - Derick Brassard wins face-off versus Ryan Nugent-Hopkins in Sabres zone.
17:53 of 3rd period - Minor Penalty to Anders Lee for Holding.
17:54 of 3rd period - Kyle Turris wins face-off versus Brayden Schenn in Sabres zone.
17:54 of 3rd period - Kyle Turris is hit by Tyler Seguin.
18:20 of 3rd period - Off-side.
18:21 of 3rd period - Brayden Schenn wins face-off versus Jason Zucker in neutral zone.
18:24 of 3rd period - Jason Zucker is hit by Brayden Schenn and loses puck.
18:33 of 3rd period - Shot by Tyler Seguin.
18:33 of 3rd period - Goal by Tyler Seguin - Sabres : 4 - Senators : 4.
18:34 of 3rd period - Mark Stone wins face-off versus Zach Hyman in neutral zone.
18:56 of 3rd period - Shot by Zach Hyman.
18:56 of 3rd period - Shot Misses the Net.
19:37 of 3rd period - Shot by Kyle Turris.
19:37 of 3rd period - Shot Blocked by Jason Garrison.
Goals for this period are 1 for Sabres vs 2 for Senators.
Shots for this period are 4 for Sabres vs 13 for Senators.

Overtime #1


0:01 of 1st overtime period - Kyle Turris wins face-off versus Tyler Seguin in neutral zone.
0:11 of 1st overtime period - Shot by Ryan Nugent-Hopkins.
0:11 of 1st overtime period - Stopped by Andrew Hammond without a rebound.
0:12 of 1st overtime period - Bo Horvat wins face-off versus Patrick Marleau in Senators zone.
0:13 of 1st overtime period - Shot by Ryan Nugent-Hopkins.
0:13 of 1st overtime period - Shot Blocked by Marc Methot.
1:19 of 1st overtime period - Shot by Tyler Seguin.
1:19 of 1st overtime period - Shot Misses the Net.
1:33 of 1st overtime period - Shot by Jason Zucker.
1:33 of 1st overtime period - Shot Misses the Net.
1:35 of 1st overtime period - Shot by Kyle Turris.
1:35 of 1st overtime period - Deflect By Jason Zucker.
1:35 of 1st overtime period - Stopped by Andrew Hammond without a rebound.
1:36 of 1st overtime period - Patrick Marleau wins face-off versus Kyle Turris in Senators zone.
1:50 of 1st overtime period - Shot by Mark Stone.
1:50 of 1st overtime period - Goal by Mark Stone - Sabres : 4 - Senators : 5.
Goals for this period are 0 for Sabres vs 1 for Senators.
Shots for this period are 2 for Sabres vs 1 for Senators.